 Dungeon Crawl Stone Soup version 0.29.1-2-gbd0b4ee654 (webtiles) character file.

Game seed: 9429335939130111810

105 Icepheonix32 the Changer (level 4, -1/28 (29) HPs)
             Began as an Octopode Transmuter on Nov 18, 2022.
             Slain by a gnoll
             ... wielding a +0 flail
              (14 damage)
             ... on level 3 of the Dungeon.
             The game lasted 00:02:48 (2544 turns).

Icepheonix32 the Changer (Octopode Transmuter)      Turns: 2544, Time: 00:02:49

HP:   -1/28 (29)    AC:  1    Str:  9    XL:     4   Next: 83%
MP:   3/7           EV: 14    Int: 15    God:
Gold: 160           SH:  0    Dex: 20    Spells: 1/7 levels left

rFire   . . .      SeeInvis .   p - +2 short sword (drain)
rCold   . . .      Faith    .   (no shield)
rNeg    . . .      Spirit   .   (helmet currently unavailable)
rPois   .          Reflect  .   (no amulet)
rElec   .          Harm     .   o - +6 ring of dexterity
rCorr   .          Rampage  .   (no ring)
Will    .....                   (no ring)
Stlth   +++.......              (no ring)
HPRegen 0.09/turn               (no ring)
MPRegen 0.10/turn               (no ring)
                                (no ring)
                                (no ring)

@: appendages, very slightly contaminated, lightly drained
A: tentacle spike 3, almost no armour, amphibious, 8 rings, camouflage 1,
gelatinous body 1, (nimble swimmer 1), tentacles
a: End Transformation


You were on level 3 of the Dungeon.
One of your tentacles had grown a beastly spike.
You visited 1 branch of the dungeon, and saw 3 of its levels.

You collected 160 gold pieces.

Inventory:

Hand Weapons
 p - a +2 short sword of draining (weapon)
Magical Staves
 f - a staff of death
Jewellery
 o - a +6 ring of dexterity (left tentacle)
Scrolls
 d - 3 scrolls of identify {unknown}
 g - a scroll of immolation {unknown}
 h - a scroll of fog {unknown}
 i - a scroll of noise {unknown}
 j - a scroll of poison {unknown}
 k - a scroll of silence {unknown}
 l - 2 scrolls of teleportation {unknown}
 m - a scroll of blinking {unknown}
Potions
 a - a potion of lignification
 b - a potion of degeneration {unknown}
 c - a potion of haste {unknown}
 e - a potion of resistance {unknown}
 n - 2 potions of curing {unknown}


   Skills:
 + Level 1.6 Fighting
 + Level 2.6 Dodging
 - Level 3.0 Unarmed Combat
 - Level 2.0 Spellcasting
 * Level 4.2 Transmutations


You had one spell level left.
You knew the following spells:

 Your Spells              Type           Power      Damage    Failure   Level
a - Beastly Appendage     Tmut           28%        N/A       3%          1
b - Spider Form           Tmut/Pois      7%         N/A       28%         3
c - Wereblood             Tmut           14%        N/A       6%          2

Your spell library contained the following spells:

 Spells                   Type           Power      Damage    Failure   Level
 Ice Form                 Ice/Tmut       7%         N/A       67%         4


Dungeon Overview and Level Annotations

Branches:
Dungeon (3/15)

Altars:

Shops:
D:1 =


Innate Abilities, Weirdness & Mutations

One of your tentacles has grown a beastly spike.
You cannot wear most types of armour.
You are amphibious.
You can wear up to eight rings at the same time.
Your skin changes colour to match your surroundings (Stealth+).
Your rubbery body absorbs attacks. (AC +1, EV +1)
((You are camouflaged when in or above water. (Stealth+)))
You have tentacles for arms and can constrict up to eight enemies at once.


Message History

A gnoll comes into view. It is wielding a +0 flail.
A gnoll is nearby!
A gnoll is nearby!
One of your tentacles grows a vicious spike.
You barely miss the gnoll. You grab the gnoll. You squeeze the gnoll.
The gnoll is heavily wounded.
You constrict the gnoll. The gnoll closely misses you.
You hit the gnoll but do no damage.
You pierce the gnoll, but do no damage.
You squeeze the gnoll.
You kill the gnoll!
No target in view!
No target in view!
Your transformation is almost over. 3 gnolls come into view.
Found 9 gold pieces.
There are monsters nearby!
There are monsters nearby!
There are monsters nearby!
You extend your transformation's duration.
The gnoll shouts! x2
The gnoll hits you with a +0 spear!
The gnoll shouts!
You hit the gnoll. You drain the gnoll. You grab the gnoll.
You squeeze the gnoll.
The gnoll is severely wounded.
You constrict the gnoll, but do no damage.
The gnoll misses you. x2
You hit the gnoll but do no damage. You drain the gnoll.
You pierce the gnoll.
You kill the gnoll!
The gnoll hits you with a +0 flail.
You are too injured to fight recklessly!
Unknown command.
Casting: Beastly Appendage (safe; 3% risk of failure)
Confirm with . or Enter, or press ? or * to list all spells.
The spell is extremely dangerous to miscast (28% risk of failure)!
Continue anyway?
You miscast Spider Form.
You are very lightly contaminated with residual magic.
Nothing appears to happen.
The gnoll hits you with a +0 flail!
Ouch! That really hurt!
You die...

#.........#####
#.............+
#.........#####
#.........####
#............#
#...#####....#
.........)..#
########..#
.......@..#
.#####gg..#
#....# #$...#
#....# #....#
#....# ......


You could see 2 gnolls.

Vanquished Creatures
  3 adders (D:2)
  2 gnolls (D:3)
  A worm (D:3)
  A dart slug (D:2)
  An orc (D:3)
  5 endoplasms (D:1)
  2 giant cockroaches (D:3)
  5 hobgoblins
  2 quokkas
  6 ball pythons
  5 bats
  6 frilled lizards
  5 goblins
  2 kobolds (D:3)
  10 rats
56 creatures vanquished.

Vanquished Creatures (others)
  30 plants (D:2)
30 creatures vanquished.

Grand Total: 86 creatures vanquished

Notes
Turn   | Place    | Note
-------+----------+-------------------------------------------
     0 | D:1      | Icepheonix32 the Octopode Transmuter began the quest for
                  | the Orb.
     0 | D:1      | Reached XP level 1. HP: 13/13 MP: 3/3
   114 | D:1      | Reached XP level 2. HP: 9/18 MP: 3/5
   397 | D:1      | You fall into a shaft and drop 1 floor!
   465 | D:2      | Reached skill level 3 in Transmutations
   465 | D:2      | Reached XP level 3. HP: 23/23 MP: 4/6
   536 | D:2      | Found a faded altar of an unknown god.
   883 | D:1      | Found Loegesadgh's Jewellery Boutique.
  1341 | D:2      | Reached XP level 4. HP: 20/28 MP: 7/7
  2196 | D:3      | Reached skill level 4 in Transmutations
  2463 | D:3      | Learned a level 3 spell: Spider Form
  2466 | D:3      | Learned a level 2 spell: Wereblood
  2544 | D:3      | Slain by a gnoll

Illustrated notes

Levels and vault maps discovered:
D:1:      psy_arrival_terrarium, layout_rooms, serial_shops, shop
D:2:      layout_loops_ring, hellmonk_ecumenical_altar_heavens_door,
          hangedman_glass_teeth, serial_bayou_lagoon_a,
          kennysheep_generic_room_4
D:3:      layout_basic, serial_co_window_serial, co_window_paths_a,
          co_window_paths_b, co_window_corner_a, co_window_corner_a,
          co_window_paths_a, co_window_paths_a, co_window_corner_b,
          co_window_corner_b, co_window_corner_cb, co_window_2corner,
          co_window_cross_4, glass_columns_c, hex_medium

Skill      XL: |  1  2  3  4 |
---------------+-------------+-----
Transmutations | 3 4 |  4.2
Fighting       | |  1.6
Dodging        | |  2.6
Unarmed Combat | |  3.0
Spellcasting   | |  2.0

Action                   |  1- 3 |  4- 6 || total
-------------------------+-------+-------++-------
Melee: Unarmed           |    74 |    31 ||   105
       Tentacles         |    14 |     8 ||    22
       Constrict         |    19 |    14 ||    33
       Punch             |     3 |     1 ||     4
       Kick              |    15 |    11 ||    26
       Short sword       |       |     6 ||     6
 Cast: Beastly Appendage |    26 |    10 ||    36
 Stab: Sleeping          |     8 |     3 ||    11
Armor: Skin              |     3 |       ||     3
Dodge: Dodged            |    70 |    15 ||    85
